 Dungeon Crawl Stone Soup version 0.20-a0-540-ge6d1839 (webtiles) character file.

12229 Asddderdsw the Thaumaturge (level 11, -11/124 HPs)
             Began as a Purple Draconian Fire Elementalist on Jan 28, 2017.
             Mangled by Snorg (12 damage)
             ... on level 10 of the Dungeon on Jan 29, 2017.
             The game lasted 02:20:40 (12557 turns).

Asddderdsw the Thaumaturge (DrFE)                  Turns: 12557, Time: 02:20:40

Health: -11/124    AC: 12    Str: 15    XL:     11   Next: 59%
Magic:  15/24      EV: 14    Int: 19    God:
Gold:   841        SH:  0    Dex: 12    Spells: 2/28 levels left

rFire    + + .     SeeInvis .   L - staff of conjuration
rCold    x x .     Gourm    .   (armour unavailable)
rNeg     . . .     Faith    .   (no shield)
rPois    .         Spirit   .   (helmet restricted)
rElec    .         Reflect  .   S - +1 cloak
rCorr    .         Harm     .   h - +2 pair of gloves
MR       +....                  (no boots)
Stlth    ..........             (no amulet)
Regen    0.3/turn               x - ring of fire
                                d - ring of fire

@: berserking, short of breath, very slightly contaminated, very quick
A: breathe power, unfitting armour, cold-blooded, AC +7
a: Breathe Dispelling Energy


You were on level 10 of the Dungeon.
You were hungry.

You visited 3 branches of the dungeon, and saw 14 of its levels.
You also visited: Ossuary.

You collected 841 gold pieces.

Inventory:

Hand Weapons
 e - a +0 trident
 t - a +0 lajatang
 u - a +0 blowgun
 y - a +0 shortbow of flaming
 A - a +1 whip of flaming
 H - a +5 mace of protection
 Q - a +0 dire flail
 R - a +2 quarterstaff of chaos
Missiles
 i - 364 stones
 v - 99 poisoned needles
 C - 210 arrows
 J - 2 curare-tipped needles
 U - 3 throwing nets (quivered)
Armour
 h - a +2 pair of gloves (worn)
 B - a +0 shield
 S - a +1 cloak (worn)
Magical Staves
 L - an uncursed staff of conjuration (weapon)
Jewellery
 d - a ring of fire (left hand)
 g - an uncursed ring of see invisible
 s - an uncursed ring of poison resistance
 w - an uncursed ring of protection from magic
 x - a ring of fire (right hand)
Wands
 r - a wand of clouds (6/9)
 M - a wand of lightning (15/15)
Scrolls
 j - 4 scrolls of teleportation
 m - 5 scrolls of amnesia
 q - 4 scrolls of remove curse
 z - 2 scrolls of enchant weapon
 D - a scroll of identify
 G - a scroll of recharging
 V - 2 scrolls of immolation
 X - a scroll of magic mapping
Potions
 f - a potion of mutation {unknown}
 n - 12 potions of curing
 o - 2 potions of invisibility
 p - 3 potions of agility
 E - 2 potions of brilliance {unknown}
 F - a potion of cure mutation {unknown}
 I - 2 potions of ambrosia
 K - 4 potions of lignification
 O - a potion of beneficial mutation {unknown}
 P - 2 potions of berserk rage
 T - 2 potions of flight
 W - a potion of magic {unknown}
 Z - a potion of resistance {unknown}
Books
 a - a book of Flames

   Spells                             Type                      Level
   a - Flame Tongue                   Conjuration/Fire             1
   b - Throw Flame                    Conjuration/Fire             2
   c - Conjure Flame                  Conjuration/Fire             3
   d - Inner Flame                    Hexes/Fire                   3
   e - Sticky Flame                   Conjuration/Fire             4
   f - Fireball                       Conjuration/Fire             5
 l - a book of Cantrips

   Spells                             Type                      Level
   a - Confusing Touch                Hexes                        1
   b - Animate Skeleton               Necromancy                   1
   c - Summon Small Mammal            Summoning                    1
   d - Apportation                    Translocation                1
 N - a book of Battle

   Spells                             Type                      Level
   a - Infusion                       Charms                       1
   b - Shroud of Golubria             Charms/Translocation         2
   c - Song of Slaying                Charms                       2
   d - Spectral Weapon                Hexes/Charms                 3
   e - Regeneration                   Charms/Necromancy            3
Comestibles
 b - 13 bread rations
 c - 6 royal jellies
 k - 10 meat rations


   Skills:
 + Level 3.7 Fighting
 * Level 8.6(8.8) Maces & Flails
 + Level 2.6(6.0) Staves
 + Level 4.5 Dodging
 + Level 3.5 Stealth
 * Level 6.7 Shields
 + Level 0.2 Unarmed Combat
 + Level 9.4 Spellcasting
 + Level 7.2 Conjurations
 + Level 1.0 Charms
 + Level 0.6 Necromancy
 + Level 0.6 Translocations
 + Level 7.9 Fire Magic


You had 2 spell levels left.
You knew the following spells:

 Your Spells              Type           Power        Failure   Level  Hunger
a - Flame Tongue          Conj/Fire      #####        1%          1    None
b - Throw Flame           Conj/Fire      ######       1%          2    None
c - Conjure Flame         Conj/Fire      #######.     1%          3    None
d - Inner Flame           Hex/Fire       ######..     6%          3    None
e - Sticky Flame          Conj/Fire      #######.     4%          4    ###....
f - Fireball              Conj/Fire      #######...   12%         5    #####..
g - Infusion              Chrm           ##..         8%          1    None
h - Shroud of Golubria    Chrm/Tloc      ##........   10%         2    None
i - Song of Slaying       Chrm           ##......     10%         2    None
j - Regeneration          Chrm/Necr      ##........   17%         3    None


Dungeon Overview and Level Annotations

Branches:
Dungeon (11/15)            Temple (0/1) D:6            Lair (1/6) D:9
    Orc (2/2) D:9
    Elf: Orc:2

Altars:
Elyvilon
Fedhas
Hepliaklqana
Ru
Vehumet
Xom
Yredelemnul

Shops:
D:5 %   Orc:2 [

Annotations:
D:10 Fannar, Snorg


Innate Abilities, Weirdness & Mutations

You can breathe bolts of dispelling energy.
Your rich purple scales are hard. (AC +7)
You cannot fit into any form of body armour.
You are cold-blooded and may be slowed by cold attacks.


Message History

Snorg closely misses you.
Snorg burns!
Snorg burns!
Snorg bites you. Snorg misses you. Snorg claws you!
You feel better.
Snorg burns!
Snorg bites you! Snorg claws you.
* * * LOW HITPOINT WARNING * * *
Snorg claws you but does no damage.
You feel better.
Snorg burns!
Snorg barely misses you. Snorg claws you!
* * * LOW HITPOINT WARNING * * *
Snorg claws you but does no damage. Snorg bites you!!
* * * LOW HITPOINT WARNING * * *
Snorg barely misses you. x2
You feel much better.
Snorg burns!
Snorg bites you.
* * * LOW HITPOINT WARNING * * *
Snorg claws you but does no damage. Snorg claws you!
* * * LOW HITPOINT WARNING * * *
A red film seems to cover your vision as you go berserk!
You feel yourself moving faster!
You feel mighty!
Snorg burns!
Snorg bites you!
* * * LOW HITPOINT WARNING * * *
Snorg claws you!
You die...

##'## ####### ########### #...#
###.....# #.......>.#####...#
..#.....# #.........#...##'##
..'.....# #.........#......(†
..#...).# #.........'......(†
###.....#######.........#......##
...............#'########......##
.............#..@....<...........
.............#..T................
.............#...................
.............#.........##########
.............##...###'##........#
#######.......#...#..............
......#.......#...#..............
......#.......#...#..............
......#.......#...'..............


You could see Snorg (berserk).

Vanquished Creatures
  Harold (Lair:1)
  A two-headed ogre (D:7)
  Pikel (D:9)
  A cyclops (Orc:1)
  2 orc sorcerers (Orc:2)
  Psyche (D:8)
  A spiny frog (Lair:1)
  A troll (Orc:2)
  A hippogriff (Lair:1)
  Sigmund (D:2)
  A spriggan (D:7)
  6 yaks (Lair:1)
  A water moccasin (Lair:1)
  A porcupine (D:9)
  A hornet zombie (D:9)
  Duvessa (D:5)
  3 black bears (D:9)
  3 ice beasts
  13 orc warriors
  An eye of draining (D:10)
  8 ogres
  3 centaurs
  5 crocodiles
  3 big kobolds (D:10)
  6 bullfrogs
  Dowan (D:5)
  10 scorpions
  9 killer bees
  3 electric eels (D:9)
  6 howler monkeys
  3 crimson imps
  A bullfrog zombie (D:8)
  A centaur zombie (Ossuary)
  4 jellies
  2 quasits
  2 centaur skeletons
  11 orc priests
  Crazy Yiuf (D:6)
  3 hounds
  3 bullfrog skeletons
  10 orc wizards
  2 human zombies (Ossuary)
  An iguana (D:5)
  5 worker ants
  2 big kobold zombies (Ossuary)
  A hound skeleton (D:6)
  3 mummies (Ossuary)
  A worker ant zombie (D:10)
  8 adders
  2 howler monkey skeletons
  A shadow imp (D:8)
  An ooze (D:5)
  2 adder zombies (D:7)
  An adder skeleton (D:6)
  2 worms (D:2)
  A dart slug (D:2)
  4 leopard geckos
  54 orcs
  2 ball pythons
  7 bats
  7 giant cockroaches
  2 gnoll zombies (Ossuary)
  9 hobgoblins
  11 jackals
  5 quokkas
  5 frilled lizards
  11 goblins
  A jackal skeleton (D:7)
  10 kobolds
  A kobold zombie (Ossuary)
  2 leopard gecko skeletons
  A quokka skeleton (D:5)
  A quokka zombie (D:8)
  3 rats
  A spectral orc (D:4)
307 creatures vanquished.

Vanquished Creatures (others)
  2 slaves (D:9)
  14 fungi (D:9)
  4 plants (D:9)
20 creatures vanquished.

Grand Total: 327 creatures vanquished

Notes
Turn   | Place    | Note
-------+----------+-------------------------------------------
     0 | D:1      | Asddderdsw the Draconian Fire Elementalist began the quest for the Orb.
     0 | D:1      | Reached XP level 1. HP: 14/14 MP: 3/3
   374 | D:1      | Reached XP level 2. HP: 12/20 MP: 5/5
   605 | D:1      | Learned a level 2 spell: Throw Flame
   934 | D:2      | Reached XP level 3. HP: 26/26 MP: 4/6
   946 | D:2      | Learned a level 3 spell: Conjure Flame
   952 | D:2      | Upgraded the game from 0.20-a0-537-g052e6ba to 0.20-a0-540-ge6d1839
  1049 | D:2      | Noticed Sigmund
  1155 | D:2      | Reached skill level 1 in Maces & Flails
  1807 | D:3      | Reached XP level 4. HP: 30/34 MP: 1/7
  2305 | D:3      | Reached XP level 5. HP: 39/39 MP: 6/9
  2499 | D:4      | Reached skill level 1 in Fighting
  2696 | D:4      | Noticed an ogre
  2705 | D:4      | Reached skill level 3 in Spellcasting
  2705 | D:4      | Reached XP level 6. HP: 46/47 MP: 3/10
  2797 | D:4      | Found a basalt altar of Yredelemnul.
  2908 | D:4      | Reached skill level 1 in Shields
  2908 | D:4      | Your scales start taking on a rich purple colour.
  2908 | D:4      | Reached skill level 4 in Spellcasting
  2908 | D:4      | Reached XP level 7. HP: 53/53 MP: 0/13
  2919 | D:4      | Learned a level 3 spell: Inner Flame
  2924 | D:4      | Learned a level 4 spell: Sticky Flame
  3441 | D:2      | Killed Sigmund
  3539 | D:5      | Entered Level 5 of the Dungeon
  3656 | D:5      | Found a white marble altar of Elyvilon.
  3656 | D:5      | Found a blossoming altar of Fedhas.
  3676 | D:5      | Reached skill level 5 in Fire Magic
  3948 | D:5      | Reached XP level 8. HP: 27/61 MP: 9/15
  3989 | D:5      | Found Judofa's Food Shop.
  4153 | D:5      | Noticed Duvessa
  4171 | D:5      | Killed Duvessa
  4172 | D:5      | Noticed Dowan
  4178 | D:5      | Killed Dowan
  4178 | D:5      | Reached skill level 5 in Spellcasting
  4258 | D:5      | Reached skill level 5 in Maces & Flails
  4545 | D:5      | Found a hazy altar of Hepliaklqana.
  4847 | D:6      | Found a shimmering altar of Xom.
  4908 | D:6      | Found a staircase to the Ecumenical Temple.
  5197 | D:6      | Found a runed door.
  5202 | D:6      | Noticed Crazy Yiuf
  5209 | D:6      | Killed Crazy Yiuf
  5321 | D:7      | Learned a level 5 spell: Fireball
  5682 | D:7      | Reached skill level 6 in Spellcasting
  5752 | D:7      | Reached XP level 9. HP: 68/68 MP: 7/18
  5755 | D:7      | Learned a level 1 spell: Infusion
  5789 | D:7      | Noticed a two-headed ogre
  5824 | D:7      | Killed a two-headed ogre
  5824 | D:7      | Reached skill level 5 in Conjurations
  6088 | D:7      | Learned a level 2 spell: Shroud of Golubria
  6157 | D:7      | Found a radiant altar of Vehumet.
  6518 | D:8      | Found a sand-covered staircase.
  6523 | Ossuary  | Entered an ossuary
  6641 | Ossuary  | Reached skill level 7 in Spellcasting
  6912 | D:8      | Found a sacrificial altar of Ru.
  7109 | D:8      | Noticed Psyche
  7128 | D:8      | Killed Psyche
  7500 | D:8      | Reached XP level 10. HP: 70/75 MP: 15/21
  7646 | D:9      | Reached skill level 5 in Shields
  7744 | D:9      | Reached skill level 1 in Staves
  7853 | D:9      | Found a staircase to the Lair.
  8064 | D:10     | Entered Level 10 of the Dungeon
  8134 | D:10     | Learned a level 2 spell: Song of Slaying
  8209 | D:9      | Noticed Pikel
  8265 | D:9      | Killed Pikel
  8265 | D:9      | Reached skill level 8 in Spellcasting
  8932 | D:9      | Found a staircase to the Orcish Mines.
  9232 | D:10     | Noticed Fannar
  9342 | Lair:1   | Entered Level 1 of the Lair of Beasts
  9511 | Lair:1   | Noticed a spiny frog
  9514 | Lair:1   | Killed a spiny frog
  9726 | Lair:1   | Noticed Harold
  9801 | Lair:1   | Killed Harold
  9801 | Lair:1   | Reached XP level 11. HP: 62/82 MP: 3/23
  9862 | Lair:1   | Learned a level 3 spell: Regeneration
 10247 | Lair:1   | Reached skill level 9 in Spellcasting
 10535 | Orc:1    | Entered Level 1 of the Orcish Mines
 10716 | Orc:2    | Entered Level 2 of the Orcish Mines
 10716 | Orc:2    | Found Oleytet's Antique Armour Emporium.
 10716 | Orc:2    | Noticed an orc sorcerer
 10720 | Orc:2    | Killed an orc sorcerer
 10999 | Orc:2    | Noticed an orc sorcerer
 11107 | Orc:2    | Killed an orc sorcerer
 11107 | Orc:2    | Reached skill level 1 in Charms
 11114 | Orc:2    | Noticed an orc knight
 12330 | D:10     | Noticed Snorg
 12557 | D:10     | HP: 1/124 [Snorg (11)]
 12557 | D:10     | Mangled by Snorg

Vault maps used:
D:1:      sevenhm_arrival_forest_fort_large_2, st_stairs_13
D:2:      kennysheep_big_flooded_room, minmay_statues_item, uniq_sigmund
D:3:      first_bread, minmay_splitting_lines
D:4:      minmay_opposing_rooms, yredelemnul_forgotten_temple_becter
D:5:      gammafunk_temple_overflow_pools, marbit_many_paths, serial_shops,
          kennysheep_mini_moat, uniq_duvessa
D:6:      xom_teletrap_fun, temple_statues, uniq_crazy_yiuf_cottage
D:7:      lemuel_crystal_altar, the_bakery, hangedman_minor_gate_pass
D:8:      lemuel_crystal_altar, lightli_ossuary_entry_decrepit_ruins,
          uniq_psyche
D:9:      due_lair_maze_entry_diamond, erik_orc_2, uniq_pikel
D:10:     hangedman_decor_opposing, minmay_hedge_maze,
          minmay_unpleasant_kobolds, uniq_snorg, uniq_fannar
D:11:     minmay_strange_pillars
Lair:1:   lemuel_fruit_fields, grunt_megastairs_1, uniq_harold
Orc:1:    serial_shops, shop_coins, minmay_orc_barracks
Orc:2:    grunt_orc_gardens, grunt_orc_garden, grunt_orc_garden,
          grunt_orc_garden, grunt_orc_garden, serial_shops, shop, uniq_sonja
Ossuary:  ossuary_crypta

Skill      XL: |  1  2  3  4  5  6  7  8  9 10 11 |
---------------+----------------------------------+-----
Dodging        | 2 3 4 |  4.5
Maces & Flails | 1 2 3 4 5 6 7 8 |  8.6
Conjurations   | 2 3 4 5 6 7 |  7.2
Fighting       | 1 2 3 |  3.7
Spellcasting   | 3 4 6 7 8 9 |  9.4
Fire Magic     | 4 5 6 7 |  7.9
Stealth        | 2 3 |  3.5
Shields        | 1 2 3 4 6 |  6.7
Staves         | 2 |  2.6
Charms         | 1 |  1.0
Unarmed Combat | |  0.2
Necromancy     | |  0.6
Translocations | |  0.6

Action                   |  1- 3 |  4- 6 |  7- 9 | 10-12 || total
-------------------------+-------+-------+-------+-------++-------
Melee: Unarmed           |    18 |       |       |       ||    18
       Club              |     8 |       |       |       ||     8
       Mace              |    43 |    72 |    28 |    59 ||   202
       Tailslap          |     4 |     4 |    16 |    13 ||    37
       Flail             |       |       |    64 |       ||    64
       Staff             |       |       |    31 |    21 ||    52
       Quarterstaff      |       |       |       |    42 ||    42
       Dagger            |       |       |       |     5 ||     5
       Lajatang          |       |       |       |    10 ||    10
 Fire: Shortbow          |       |       |       |     3 ||     3
Throw: Stone             |       |       |       |     5 ||     5
       Throwing net      |       |       |       |     1 ||     1
 Cast: Flame Tongue      |    46 |    59 |   297 |   286 ||   688
       Throw Flame       |     4 |     2 |    15 |     9 ||    30
       Conjure Flame     |     1 |     2 |    18 |    17 ||    38
       Sticky Flame      |       |       |     3 |     4 ||     7
       Fireball          |       |       |       |    24 ||    24
       Shroud of Golubri |       |       |       |     8 ||     8
       Inner Flame       |       |       |       |     3 ||     3
       Song of Slaying   |       |       |       |     3 ||     3
       Regeneration      |       |       |       |     1 ||     1
 Abil: Breathe Dispellin |       |       |       |     2 ||     2
  Use: Scroll            |     5 |     1 |    10 |    14 ||    30
       Potion            |       |       |     4 |    10 ||    14
 Stab: Invisible         |       |       |     1 |       ||     1
       Paralysed         |       |       |       |     3 ||     3
  Eat: Chunk             |     4 |     4 |    15 |    15 ||    38
       Fruit             |       |       |     1 |     8 ||     9
Armor: Skin              |    43 |    26 |    74 |   149 ||   292
Dodge: Dodged            |    67 |    59 |   133 |   212 ||   471
